 Dungeon Crawl Stone Soup version 0.31-a0-150-g89dc3ad700 (webtiles) character file.

Game seed: 6984765852851292654

805 IdlyInterested the Cutter (level 7, 0/55 HPs)
             Began as a Demonspawn Gladiator on June 8, 2023.
             Was a Follower of Ashenzari.
             Killed from afar by Ijyb (23 damage)
             ... with a bolt of acid
             ... on level 5 of the Dungeon.
             The game lasted 00:20:20 (5053 turns).

IdlyInterested the Cutter (Demonspawn Gladiator)    Turns: 5053, Time: 00:20:21

Health: 0/55       AC: 16    Str: 16    XL:     7   Next: 60%
Magic:  8/9        EV:  5    Int: 16    God:    Ashenzari [*.....]
Gold:   148        SH:  0    Dex: 14    Spells: 8/8 levels left

rFire   . . .        a - +0 long sword of Ashenzari's Autotheism {Bglg, Alch} (curse)
rCold   . . .        (no shield)
rNeg    . . .        E - +0 plate armour
rPois   .            u - +2 helmet
rElec   .            J - +2 cloak of the Chained Blue Moon {Comp, Elem} (curse)
rCorr   .            (gloves unavailable)
SInv    .            (no boots)
Will    .....        p - amulet of the acrobat Stlth
                     h - +6 ring of intelligence
HPRegen 0.29/turn    (no ring)
MPRegen 0.11/turn

%: acrobat
@: no status effects
A: claws 3, hooves 1, demonic magic 1, weakness stinger 1
a: Renounce Religion, Shatter the Chains


You were on level 5 of the Dungeon.
You worshipped Ashenzari.
Ashenzari was aware of your devotion.
You visited 1 branch of the dungeon, and saw 5 of its levels.
You also visited: Ossuary.

You collected 351 gold pieces.
You spent 203 gold pieces at shops.

Inventory:

Hand Weapons
 a - the cursed +0 long sword of Ashenzari's Autotheism (weapon) {Bglg, Alch}

   It has a curse which improves the following skills: Beguiling: Conjurations,
   Hexes and Translocations.
   Alchemy:   Poison Magic and Transmutations.
 n - a +0 short sword
 z - a +1 short sword of distortion
 K - a +2 short sword of freezing
Missiles
 e - a javelin
 f - 6 stones (quivered)
 x - 2 throwing nets
 A - a boomerang
 L - 2 poisoned darts
Armour
 b - a +0 leather armour
 c - a +0 helmet
 d - a +0 cloak of stealth
 j - a +0 hat
 l - a +0 scale mail
 u - a +2 helmet (worn)
 E - a +0 plate armour (worn)
 J - the cursed +2 cloak of the Chained Blue Moon (worn) {Comp, Elem}
   (You found it on level 4 of the Dungeon)

   It has a curse which improves the following skills: Companions: Summonings
   and Necromancy.
   Elements:  Fire Magic, Ice Magic, Air Magic and Earth Magic.
Jewellery
 h - a +6 ring of intelligence (left claw)
 p - an amulet of the acrobat (around neck)
Scrolls
 i - a scroll of poison
 m - 3 scrolls of blinking
 q - 4 scrolls of teleportation
 r - 3 scrolls of torment
 v - 2 scrolls of amnesia
 w - a scroll of fog
 y - 3 scrolls of enchant armour
 B - a scroll of vulnerability
Potions
 k - 9 potions of curing
 s - 3 potions of haste
 t - 2 potions of magic
 C - 2 potions of heal wounds
 D - 2 potions of brilliance
 F - a potion of resistance
 H - a potion of might
 I - 4 potions of enlightenment


   Skills:
 + Level 4.5 Fighting
 * Level 4.9(5.3) Short Blades
 - Level 2.9(4.3) Long Blades
 - Level 2.0 Throwing
 - Level 1.0 Armour
 - Level 3.0 Dodging
 - Level 2.0 Stealth
 - Level 2.0 Unarmed Combat
 * Level 1.3 Spellcasting
 - Level 1.0 Evocations


You had 8 spell levels left.
You didn't know any spells.
Your spell library contained the following spells:

 Spells                   Type           Power      Damage    Failure   Level
 Beastly Appendage        Tmut           2%         N/A       100%        1
 Blink                    Tloc           2%         N/A       100%        2
 Lesser Beckoning         Tloc           2%         N/A       100%        2
 Momentum Strike          Conj/Tloc      2%         3d8       100%        2
 Wereblood                Tmut           1%         N/A       100%        2
 Spider Form              Tmut/Pois      1%         N/A       100%        3


Dungeon Overview and Level Annotations

Branches:
Dungeon (5/15)             Temple (0/1) D:5         Ossuary (visited)

Altars:
Ashenzari
Cheibriados
Makhleb

Shops:
D:1 *

Annotations:
D:5 Ijyb


Innate Abilities, Weirdness & Mutations

You have claws for hands.
You have large cloven feet.
Spells you cast may paralyse adjacent enemies.
You have a small tail.


Message History

The hound is heavily wounded.
The hound barely misses you.
The iguana bites you but does no damage.
The gnoll hits you but does no damage.
You slash the hound!
You kill the hound!
The adder bites you but does no damage.
The gnoll hits you from afar with a +0 spear.
The iguana bites you. The adder bites you but does no damage.
You slash the adder! You kick the adder.
You kill the adder!
The iguana barely misses you.
The gnoll hits you from afar with a +0 spear!
You closely miss the iguana.
The iguana is severely wounded.
The iguana barely misses you. The gnoll hits you but does no damage.
The iguana barely misses you. The gnoll hits you but does no damage.
You hit the iguana. Your kick misses the iguana. You tail-slap the iguana.
The iguana is almost dead.
The iguana bites you but does no damage.
The gnoll hits you from afar with a +0 spear.
You closely miss the iguana.
The iguana is almost dead.
The iguana bites you. The gnoll hits you but does no damage.
You hit the iguana.
You kill the iguana!
The gnoll hits you but does no damage.
You barely miss Ijyb. You kick Ijyb, but do no damage.
Ijyb hits you but does no damage. The gnoll hits you but does no damage.
You hit Ijyb but do no damage. You kick Ijyb, but do no damage.
Ijyb screams, "You nasty!
Big nasty!"
Ijyb hits you but does no damage. The gnoll hits you with a +0 spear.
You hit Ijyb but do no damage. You kick Ijyb.
Ijyb is lightly wounded.
The gnoll hits you with a +0 spear! Ijyb barely misses you.
The gnoll completely misses you. Ijyb hits you but does no damage.
You slash Ijyb! You tail-slap Ijyb.
Ijyb is heavily wounded.
Ijyb zaps a wand.
The bolt of acid hits you!!
You die...

#.#h #.#. .
#.#. #.##...
#...._.
###....##
.......)#### ##
#..@g#
...######g#
##.......g##
...........#
#......<.#.+
##...l........=
+........§§§..
#.g....g.§§§...
#.####....§.$..


You could see Ijyb and 2 gnolls.

Vanquished Creatures
  A wraith (Ossuary)
  An ogre (D:5)
  A water moccasin zombie (D:3)
  The ghost of dang3rdave the Chopper, a weakling HOMo of Jiyva (D:3)
  A bullfrog skeleton (D:3)
  Crazy Yiuf (D:2)
  2 hounds
  An iguana (D:5)
  A killer bee zombie (D:3)
  2 mummies
  Robin (D:2)
  4 adders
  7 gnolls (D:4)
  3 worms
  A dart slug (D:3)
  7 orcs
  4 bats
  4 endoplasms
  8 giant cockroaches
  30 goblins
  28 hobgoblins
  A jackal (D:1)
  10 kobolds
  3 quokkas
  5 ball pythons
  4 frilled lizards
  6 gnoll skeletons (Ossuary)
  9 kobold skeletons (Ossuary)
  10 orc skeletons (Ossuary)
  7 rats
164 creatures vanquished.

Notes
Turn   | Place    | Note
-------+----------+-------------------------------------------
     0 | D:1      | IdlyInterested the Demonspawn Gladiator began the quest for
                  | the Orb.
     0 | D:1      | Reached XP level 1. HP: 16/16 MP: 1/1
    85 | D:1      | Discovered your monstrous ancestry.
    85 | D:1      | Gained mutation: You have sharp fingernails. [demonic
                  | ancestry]
    85 | D:1      | Reached XP level 2. HP: 9/22 MP: 2/2
   193 | D:1      | Found Cyhuixag's Assorted Antiques.
   216 | D:1      | Reached skill level 1 in Armour
   257 | D:1      | Found a faded altar of an unknown god.
   904 | D:1      | Bought a glowing puce potion for 25 gold pieces
   904 | D:1      | Bought a ruby potion for 25 gold pieces
   924 | D:2      | Found a broken altar of Ashenzari.
   931 | D:2      | Became a worshipper of Ashenzari the Shackled
  1058 | D:2      | Gained mutation: Spells you cast may paralyse adjacent
                  | enemies. [demonic ancestry]
  1058 | D:2      | Reached XP level 3. HP: 28/28 MP: 3/3
  1071 | D:2      | Noticed Robin
  1086 | D:2      | Killed Robin
  1087 | D:2      | Reached skill level 1 in Unarmed Combat
  1113 | D:2      | Reached skill level 1 in Short Blades
  1592 | D:2      | Found a runed translucent door.
  1593 | D:2      | Noticed Crazy Yiuf
  1632 | D:2      | Gained mutation: You have very sharp fingernails. [demonic
                  | ancestry]
  1632 | D:2      | Reached XP level 4. HP: 34/34 MP: 4/4
  2068 | D:2      | Killed Crazy Yiuf
  2150 | D:1      | Bought a scroll labelled OLUROYGR HOYCW for 28 gold pieces
  2411 | D:3      | Reached skill level 1 in Stealth
  2793 | D:3      | Found a transporter.
  2793 | D:3      | Noticed dang3rdave's ghost (weakling HOMo)
  2884 | D:1      | Bought 3 metallic brown potions for 75 gold pieces
  3032 | D:3      | Found a transporter.
  3179 | D:3      | Gained mutation: You have claws for hands. [demonic
                  | ancestry]
  3179 | D:3      | Reached XP level 5. HP: 39/41 MP: 5/5
  3201 | D:3      | Killed dang3rdave's ghost
  3212 | D:3      | Reached skill level 1 in Spellcasting
  3212 | D:3      | Gained mutation: You have large cloven feet. [demonic
                  | ancestry]
  3212 | D:3      | Reached XP level 6. HP: 24/48 MP: 5/7
  3350 | D:4      | Found a sand-covered staircase.
  3355 | Ossuary  | Entered an ossuary
  3355 | Ossuary  | Noticed a wraith
  3355 | Ossuary  | Noticed a wraith
  3355 | Ossuary  | Noticed a wraith
  3501 | Ossuary  | Noticed a wraith
  3562 | Ossuary  | Killed a wraith
  3563 | Ossuary  | Reached skill level 1 in Evocations
  3820 | D:4      | Found a snail-covered altar of Cheibriados.
  3898 | D:1      | Bought 2 metallic brown potions for 50 gold pieces
  4056 | D:4      | Gained mutation: You have a small tail. [demonic ancestry]
  4056 | D:4      | Reached XP level 7. HP: 54/54 MP: 8/8
  4603 | D:4      | Reached * piety under Ashenzari
  4974 | D:5      | Entered Level 5 of the Dungeon
  5025 | D:5      | Found a staircase to the Ecumenical Temple.
  5027 | D:5      | Noticed Ijyb
  5028 | D:5      | Found a burning altar of Makhleb.
  5053 | D:5      | Killed from afar by Ijyb

Illustrated notes

Levels and vault maps discovered:
D:1:      dpeg_arrival_prison, layout_basic, dilly_ecumenical_altar_fadedgnrine,
          serial_shops, nicolae_shop_statue_plus, kennysheep_pointless_box,
          minmay_tripent
D:2:      layout_loops_ring, basic_altar, uniq_crazy_yiuf_cottage, uniq_robin
D:3:      layout_basic, gammafunk_ghost_mausoleum, nrook_loot_triangle,
          minivault_11
D:4:      minmay_goblin_kobold_castle, layout_cave_pools, cheibriados_altar_1,
          enter_ossuary_2, serial_column_ruins, column_ruins_hut,
          column_ruins_open_small_water, column_ruins_open_tiny,
          column_ruins_columns_straight, column_ruins_grid_3,
          column_ruins_corridor_corner, column_ruins_grid_1
D:5:      layout_basic, lemuel_tele_altar, nicolae_qazlal_eye_of_the_storm,
          bloody_makhleb, tgw_sif, minmay_temple_entry_purple_smoke,
          serial_shops, shop, minmay_mini_ossuary, uniq_ijyb

Skill      XL: |  1  2  3  4  5  6  7 |
---------------+----------------------+-----
Armour         | 1 |  1.0
Unarmed Combat | 1 2 |  2.0
Short Blades   | 1 2 4 |  4.9
Dodging        | 3 |  3.0
Fighting       | 3 4 |  4.5
Stealth        | 1 2 |  2.0
Spellcasting   | 1 |  1.3
Evocations     | 1 |  1.0
Throwing       | 2 |  2.0
Long Blades    | |  2.9

Action                     |  1- 3 |  4- 6 |  7- 9 || total
---------------------------+-------+-------+-------++-------
  Melee: Long sword        |   135 |   222 |   111 ||   468
         Punch             |     3 |     4 |     4 ||    11
         Short sword       |     8 |     6 |       ||    14
         Kick              |       |    42 |    35 ||    77
         Tailslap          |       |       |    13 ||    13
  Throw: Throwing net      |       |     3 |       ||     3
         Stone             |       |     4 |    16 ||    20
         Dart              |       |       |     2 ||     2
 Invoke: Curse Item        |       |     1 |     1 ||     2
   Stab: Sleeping          |     2 |     1 |       ||     3
         Held in net/web   |       |     2 |       ||     2
 Armour: Leather armour    |     9 |       |       ||     9
         Scale mail        |    41 |    46 |       ||    87
         Plate armour      |       |   122 |   110 ||   232
  Dodge: Dodged            |    86 |   112 |    57 ||   255

Table legend: (Time is in decaauts)
 A = Elapsed time spent in this place.
 B = Non-inter-level travel time spent in this place.
 C = Inter-level travel time spent in this place.
 D = Time resting spent in this place.
 E = Time spent auto-exploring this place.
 F = Levels seen in this place.
 G = Mean time per level.
                   A        B        C        D        E       F      G
               +--------+--------+--------+--------+--------+-----+--------+
         Total |   5191 |   4406 |    785 |    505 |   2162 |   6 |  865.2 |
       Dungeon |   4766 |   3981 |    785 |    359 |   2162 |   5 |  953.2 |
       Ossuary |    425 |    425 |      0 |    146 |      0 |   1 |  425.0 |
               +--------+--------+--------+--------+--------+-----+--------+

Top non-repeatable levels by time:
     D:2: 1344 daAuts
     D:4: 1241 daAuts
     D:1: 1139 daAuts
     D:3: 1007 daAuts
 Ossuary: 425 daAuts
     D:5: 32 daAuts
